 Dungeon Crawl Stone Soup version 0.20-a0-633-gff4aa5c (webtiles) character file.

1813 w00t the Protected (level 8, 0/78 HPs)
             Began as a Deep Dwarf Fighter on Feb 11, 2017.
             Slain by an ogre
             ... wielding a +0 giant spiked club
              (21 damage)
             ... on level 6 of the Dungeon.
             The game lasted 00:08:47 (4036 turns).

w00t the Protected (Deep Dwarf Fighter)             Turns: 4036, Time: 00:08:48

Health: 0/78       AC: 12    Str: 21    XL:     8   Next: 84%
Magic:  8/8        EV:  5    Int: 10    God:
Gold:   316        SH:  9    Dex: 12    Spells: 7/7 levels left

rFire    . . .     SeeInvis .   a - +0 broad axe
rCold    + . .     Gourm    +   y - +0 chain mail
rNeg     . . .     Faith    .   c - +0 shield
rPois    .         Spirit   .   v - +0 helmet
rElec    .         Reflect  .   A - scarf {rC+}
rCorr    .         Harm     .   (no gloves)
MR       ++...                  (no boots)
Stlth    ..........             M - amulet of the gourmand {Gourm, !d}
Regen    0.0/turn               o - ring of flight {+Fly, !d}
                                r - ring of protection from magic {MR+, !d}

@: non-regenerating
A: damage resistance, heal wounds, sense surroundings 1, slow regeneration 3
a: Heal Wounds, Evoke Flight


You were on level 6 of the Dungeon.
You were not hungry.

You visited 2 branches of the dungeon, and saw 7 of its levels.

You collected 316 gold pieces.

Inventory:

Hand Weapons
 a - a +0 broad axe (weapon)
 b - a +0 flail of holy wrath
Missiles
 h - 122 stones (quivered)
Armour
 c - a +0 shield (worn)
 v - a +0 helmet (worn)
 y - a +0 chain mail (worn)
 A - a scarf of cold resistance (worn)
 D - a +0 cloak
Jewellery
 o - a ring of flight (right hand) {+Fly, !d}
 r - a ring of protection from magic (left hand) {MR+, !d}
 M - an amulet of the gourmand (around neck) {Gourm, !d}
Wands
 G - a wand of disintegration (14/24)
 K - a wand of flame (23/48)
Scrolls
 e - 4 scrolls of remove curse {unknown}
 j - 2 scrolls of identify {unknown}
 k - 2 scrolls of teleportation {unknown}
 m - a scroll of blinking {unknown}
 n - a scroll of random uselessness {unknown}
 q - a scroll of amnesia {unknown}
 x - 3 scrolls of fear {unknown}
 B - a scroll of recharging {unknown}
 E - a scroll of noise {unknown}
 F - a scroll of immolation {unknown}
 H - a scroll of fog {unknown}
 I - a scroll of magic mapping {unknown}
 N - a scroll of enchant weapon {unknown}
Potions
 d - a potion of might
 g - a potion of cancellation {unknown}
 p - a potion of agility {unknown}
 t - a potion of flight {unknown}
 u - 2 potions of haste
 w - a potion of degeneration {unknown}
 z - 4 potions of curing {unknown}
 L - a potion of heal wounds {unknown}
Books
 J - a book of Misfortune

   Spells                             Type                      Level
   a - Confusing Touch                Hexes                        1
   b - Confuse                        Hexes                        3
   c - Gell's Gravitas                Hexes/Translocation          3
   d - Petrify                        Transmutation/Earth          4
   e - Metabolic Englaciation         Hexes/Ice                    5
   f - Yara's Violent Unravelling     Hexes/Transmutation          5
Comestibles
 f - 4 bread rations
 i - 6 meat rations
 l - 3 royal jellies
 s - a fruit


   Skills:
 + Level 6.5 Fighting
 + Level 7.6 Axes
 + Level 8.0 Armour
 - Level 3.2 Shields


You had 7 spell levels left.
You didn't know any spells.

Dungeon Overview and Level Annotations

Branches:
Dungeon (6/15)             Temple (1/1) D:4

Altars:
Ashenzari
Cheibriados
Dithmenos
Elyvilon
Fedhas
Gozag
Hepliaklqana
Kikubaaqudgha
Nemelex Xobeh
Qazlal
Ru
Sif Muna
Trog
Uskayaw
Xom
Yredelemnul
Zin
The Shining One

Shops:
D:5 *


Innate Abilities, Weirdness & Mutations

You are resistant to damage.
You can heal yourself by infusing magical energy.
You passively map a small area around you.
You do not regenerate.


Message History

You slash the crimson imp!
The crimson imp is almost dead.
The crimson imp blinks!
The crimson imp blinks!
You slash the crimson imp!
You kill the crimson imp!
An ogre comes into view. It is wielding a giant spiked club.
The ogre shouts!
Found a fuming grey potion.
You block the ogre's attack.
You barely miss the ogre.
The ogre hits you with a giant spiked club!!
* * * LOW HITPOINT WARNING * * *
You hit the ogre.
The ogre is lightly wounded.
The ogre barely misses you.
You slash the ogre!
The ogre is moderately wounded.
The ogre hits you with a giant spiked club!!
You die...

, ,, , #.# * . ,
#.# # # . , ,#.#
..#.# . ,#.# #.#.#
. * *#.###...#
*#######.......# ,
.!............# ,
*#######..@O...###
#.......##...>..#
#.#####.##....).# .
#.. #.##..)...# #*
##..##.....#...# #
* *#............#.#
.
.......#........#.#
#
#......#.########.#
#
#....#.#.#.######.#


You could see an ogre.

Vanquished Creatures
  Grinder (D:3)
  Sigmund (D:4)
  Eustachio (D:4)
  Edmund (D:5)
  A centaur (D:5)
  2 scorpions
  3 crimson imps
  A jelly (D:6)
  6 hounds
  3 orc priests
  Crazy Yiuf (D:4)
  A centaur skeleton (D:4)
  2 iguanas
  Ijyb (D:2)
  6 orc wizards
  A worker ant (D:5)
  A hound zombie (D:5)
  A hound skeleton (D:4)
  Robin (D:3)
  4 gnolls (D:4)
  11 adders
  A shadow imp (D:6)
  4 worms
  A dart slug (D:1)
  3 leopard geckos
  15 orcs
  7 bats
  4 giant cockroaches
  10 goblins
  7 hobgoblins
  9 jackals
  6 kobolds
  2 quokkas
  5 frilled lizards
  2 leopard gecko zombies
  11 rats
137 creatures vanquished.

Notes
Turn   | Place    | Note
-------+----------+-------------------------------------------
     0 | D:1      | w00t the Deep Dwarf Fighter began the quest for the Orb.
     0 | D:1      | Reached XP level 1. HP: 20/20 MP: 1/1
   211 | D:1      | Reached XP level 2. HP: 20/27 MP: 2/2
   744 | D:2      | Noticed an angel
   745 | D:2      | Found a glowing silver altar of Zin.
   839 | D:2      | Noticed Ijyb
   843 | D:2      | Reached XP level 3. HP: 21/34 MP: 3/3
   852 | D:2      | Killed Ijyb
   852 | D:2      | Reached skill level 4 in Armour
   906 | D:2      | Reached XP level 4. HP: 24/42 MP: 4/4
   910 | D:2      | Found a basalt altar of Yredelemnul.
  1525 | D:3      | Noticed Robin
  1532 | D:3      | Killed Robin
  1532 | D:3      | Reached XP level 5. HP: 47/49 MP: 5/5
  1850 | D:3      | Noticed Grinder
  1873 | D:3      | Killed Grinder
  1873 | D:3      | Reached skill level 5 in Armour
  1873 | D:3      | Reached XP level 6. HP: 19/58 MP: 6/6
  2109 | D:3      | Reached skill level 5 in Axes
  2455 | D:4      | Reached XP level 7. HP: 55/66 MP: 7/7
  2467 | D:4      | Noticed Eustachio
  2485 | D:4      | Killed Eustachio
  2599 | D:4      | Noticed Sigmund
  2611 | D:4      | Killed Sigmund
  2611 | D:4      | Reached skill level 5 in Fighting
  2611 | D:4      | Reached skill level 6 in Armour
  2760 | D:4      | Found a staircase to the Ecumenical Temple.
  2767 | Temple   | Entered the Ecumenical Temple
  2877 | D:4      | Reached XP level 8. HP: 38/75 MP: 8/8
  3097 | D:4      | Found a runed door.
  3264 | D:4      | Noticed Crazy Yiuf
  3270 | D:4      | Killed Crazy Yiuf
  3341 | D:5      | Entered Level 5 of the Dungeon
  3413 | D:5      | Reached skill level 7 in Armour
  3480 | D:5      | Found Ciqisutu's Assorted Antiques.
  3660 | D:5      | Noticed Edmund
  3682 | D:5      | Killed Edmund
  3986 | D:6      | Reached skill level 8 in Armour
  4036 | D:6      | Slain by an ogre

Vault maps used:
D:1:      saegor_arrival_simple_c
D:2:      marbit_many_paths, zin_angel, uniq_iyjb
D:3:      uniq_grinder, uniq_robin
D:4:      minmay_temple_entry_statues_pillars, first_bread, uniq_eustachio,
          uniq_crazy_yiuf_cottage, uniq_sigmund
D:5:      serial_shops, nicolae_shop_waterfront, uniq_edmund
D:6:      nicolae_ossuary_entry_false_entrances
Temple:   compressed_dpeg_circular_temple

Skill      XL: |  1  2  3  4  5  6  7  8 |
---------------+-------------------------+-----
Fighting       | 3 4 5 6 |  6.5
Axes           | 3 4 5 6 7 |  7.6
Armour         | 4 5 6 8 |  8.0
Shields        | |  3.2

Action                   |  1- 3 |  4- 6 |  7- 9 || total
-------------------------+-------+-------+-------++-------
Melee: War axe           |    93 |   198 |    14 ||   305
       Broad axe         |       |       |   228 ||   228
Throw: Stone             |    16 |       |       ||    16
 Abil: Heal Wounds       |       |     5 |     3 ||     8
  Eat: Chunk             |       |     6 |    10 ||    16
Armor: Scale mail        |    57 |    76 |       ||   133
       Chain mail        |       |    37 |   154 ||   191
Dodge: Dodged            |    38 |    56 |    44 ||   138
Block: Shield            |    50 |    88 |   137 ||   275
